AoeStats
← ALF

Nomad

506523056Analyzed
4v4 RM · 17d ago on Sep 13, 2026· 39m 32s· 8 players
Game mode
Random Map
Map size
231×231
Population
200
Speed
Normal
Resources
Standard
Victory
Conquest
Starting age
Dark Age
Ending age
Imperial Age
RankedLock teamsTeams togetherTeam positionsShared explorationLock speedFull tech treeHidden civsTurbo modeCheats
Victory
Defeat
🇨🇿 Berbers · Czechia
1599
+10
🇨🇿 Koreans · Czechia
1597
+10
🇨🇿 Poles · Czechia
1575
+11
🇨🇿 Wu · Czechia
1546
+12
🇺🇸 Mongols · United States
1537
-13
🇮🇹 Maya · Italy
1497
-12
🇲🇽 Japanese · Mexico
1436
-10
🇺🇸 Byzantines · United States
1389
-8
Eat_Rice
5:30 Loom
13:51 Feudal Age
18:07 Castle Age
16:21 Double-Bit Axe
19:40 Bow Saw
K1llaCapPilla
6:26 Loom
14:34 Feudal Age
18:45 Castle Age
18:05 Double-Bit Axe
19:55 Wheelbarrow
19:36 Bow Saw
21:25 Horse Collar
24:29 Hand Cart
32:26 Imperial Age
30:58 Heavy Plow
30:49 Gold Mining
30:51 Stone Mining
31:39 Fletching
32:10 Ballistics
33:03 Scale Barding Armor
32:36 Cavalier
33:40 Conscription
34:19 Chain Barding Armor
34:29 Forging
36:00 Plate Barding Armor
37:32 Paladin
38:13 Husbandry
38:56 Iron Casting
38:09 Heavy Camel Rider
GdR_Charizard
8:09 Loom
13:14 Feudal Age
18:08 Castle Age
17:54 Double-Bit Axe
17:51 Horse Collar
20:08 Fletching
25:17 Bodkin Arrow
33:32 Wheelbarrow
33:58 Padded Archer Armor
ALF
2:59 Loom
3:43 Loom
11:26 Feudal Age
12:15 Double-Bit Axe
15:26 Fletching
23:23 Castle Age
23:29 Horse Collar
24:36 Bow Saw
25:39 Wheelbarrow
28:58 Hand Cart
29:56 Stone Mining
36:31 Imperial Age
34:41 Forging
34:46 Scale Mail Armor
35:13 Town Watch
36:25 Chain Mail Armor
37:45 Iron Casting
38:17 Plate Mail Armor
39:47 Blast Furnace
39:35 Gambesons
39:51 Squires
Čiko
3:52 Loom
13:11 Feudal Age
19:36 Castle Age
19:26 Double-Bit Axe
21:06 Medium Warships
23:24 Bow Saw
22:58 Horse Collar
25:36 Fishing Lines
27:44 Town Watch
28:38 Wheelbarrow
29:24 Wheelbarrow
32:24 Imperial Age
33:10 Hand Cart
33:10 Forging
33:06 Scale Barding Armor
33:38 Gold Mining
34:57 Iron Casting
35:47 Chain Barding Armor
35:35 Szlachta Privileges
35:51 Conscription
35:20 Cavalier
36:22 Bloodlines
36:12 Husbandry
39:21 Blast Furnace
Noxx
12:40 Feudal Age
13:25 Double-Bit Axe
13:56 Loom
16:44 Castle Age
16:17 Fishing Lines
18:24 Bow Saw
18:21 Gold Mining
20:35 Fletching
34:36 Bodkin Arrow
37:34 Wheelbarrow
38:59 Gillnets
alesh
8:23 Loom
13:13 Feudal Age
14:12 Double-Bit Axe
14:29 Town Watch
19:49 Castle Age
18:10 Fletching
20:48 Medium Warships
20:35 Bodkin Arrow
22:30 Bow Saw
25:18 Ballistics
24:55 Fishing Lines
26:46 Horse Collar
31:39 Wheelbarrow
30:50 Town Watch
35:34 Imperial Age
33:27 Padded Archer Armor
34:15 Hand Cart
34:50 Gold Mining
35:58 Bloodlines
35:49 Husbandry
36:06 Leather Archer Armor
37:30 Chemistry
36:31 Bracer
36:32 Elite Camel Archer
38:28 Thumb Ring
40:02 Heavy Plow
Voskarius
5:50 Loom
13:10 Feudal Age
13:52 Double-Bit Axe
20:34 Castle Age
19:29 Fletching
20:02 Stone Mining
21:05 Gold Mining
21:12 Bodkin Arrow
21:42 Medium Warships
22:32 Horse Collar
24:50 Padded Archer Armor
25:55 Leather Archer Armor
28:15 Ballistics
29:20 Bow Saw
29:43 Red Cliffs Tactics
32:16 Heavy Plow
32:59 Gold Shaft Mining
38:38 Imperial Age
38:46 Elite Fire Archer
39:31 Bracer
Connection lost

Rejoining the realm…

Still unreachable

The connection could not be restored.

Session expired

The server has moved on; the page needs a fresh start.